 Dungeon Crawl Stone Soup version 0.30-a0-808-g6e0788376e (webtiles) character file.

Game seed: 352148344067091920

17216 cforsyth the Unseen (level 12, -1/59 (72) HPs)
             Began as a Kobold Brigand on Feb 26, 2023.
             Was a High Priest of Hepliaklqana.
             Slain by a spectral seven-headed hydra (6 damage)
             ... in a Gauntlet.
             The game lasted 00:24:11 (13566 turns).

cforsyth the Unseen (Kobold Brigand)               Turns: 13566, Time: 00:24:12

HP:   -1/59 (72)    AC:  8    Str:  9    XL:     12   Next: 79%
MP:   12/12         EV: 27    Int: 13    God:    Hepliaklqana [*****.]
Gold: 2922          SH:  0    Dex: 26    Spells: 11/11 levels left

rFire   + . .      SeeInvis .    B - +6 short sword (freeze)
rCold   . . .      Faith    .    (no shield)
rNeg    . . .      Spirit   .    E - +0 steam dragon scales
rPois   .          Reflect  .    A - +0 helmet
rElec   .          Harm     .    c - +0 cloak
rCorr   .          Rampage  .    R - +0 pair of gloves
Will    .....      NoTele   +    (no boots)
Stlth   ++++++++                 G - amulet of regeneration
HPRegen 1.09/turn                z - ring of protection from fire
MPRegen 0.13/turn                O - +6 ring of dexterity

@: slowed, heavily drained, very slow
A: reduced essence, small, no large weapons, nightstalker 3
a: Renounce Religion, Recall Ancestor, Ancestor Identity, Transference, Idealise


You were in a Gauntlet.
You worshipped Hepliaklqana.
Hepliaklqana was extremely pleased with you.
You visited 2 branches of the dungeon, and saw 13 of its levels.
You also visited: Bailey, Gauntlet and Ice Cave.

You collected 2922 gold pieces.

Inventory:

Hand Weapons
 a - a +2 dagger
 B - a +6 short sword of freezing (weapon)
 S - a +1 rapier of flaming
Missiles
 d - 29 poisoned darts (quivered)
 e - 5 curare-tipped darts
Armour
 b - a +0 robe
 c - a +0 cloak (worn)
 x - a scarf of repulsion
 A - a +0 helmet (worn)
 E - +0 steam dragon scales (worn)
 R - a +0 pair of gloves (worn)
Jewellery
 j - an amulet of reflection
 r - a ring of ice
 u - an amulet of the acrobat
 z - a ring of protection from fire (left hand)
 G - an amulet of regeneration (around neck)
 I - a ring of wizardry
 J - a ring of resist corrosion
 O - a +6 ring of dexterity (right hand)
Wands
 D - a wand of light (16)
 M - a wand of mindburst (6)
 N - a wand of iceblast (2)
 P - a wand of digging (3)
Scrolls
 f - 2 scrolls of fog
 h - a scroll of torment {unknown}
 l - 3 scrolls of vulnerability
 m - 4 scrolls of poison
 n - 2 scrolls of amnesia
 s - a scroll of fear
 t - 9 scrolls of teleportation
 y - a scroll of magic mapping
 C - 3 scrolls of noise
 H - a scroll of enchant weapon
 K - a scroll of silence
 U - a scroll of identify
Potions
 g - a potion of mutation
 i - a potion of cancellation
 k - 2 potions of brilliance
 p - 4 potions of flight
 q - 2 potions of attraction
 v - 3 potions of magic
 w - 2 potions of ambrosia
 F - 5 potions of curing
 Q - a potion of degeneration {unknown}
 T - a potion of might


   Skills:
 + Level 11.2 Fighting
 + Level 13.4 Short Blades
 - Level 2.1 Throwing
 + Level 12.1 Dodging
 + Level 15.0 Stealth


You had 11 spell levels left.
You didn't know any spells.
Your spell library contained the following spells:

 Spells                   Type           Power      Damage    Failure   Level
 Apportation              Tloc           0%         N/A       30%         1
 Sting                    Tmut/Pois      0%         1d3       30%         1
 Poisonous Vapours        Pois/Air       0%         N/A       43%         2
 Static Discharge         Conj/Air       0%         2-2/arc   43%         2
 Gell's Gravitas          Tloc           0%         N/A       67%         3
 Hailstorm                Conj/Ice       0%         3d3       67%         3
 Ignite Poison            Fire/Tmut/Pois 0%         N/A       67%         3
 Kindle Blastsparks       Fire/Tloc/Air  0%         2d10      67%         3
 Ozocubu's Armour         Ice            0%         N/A       67%         3
 Teleport Other           Tloc           0%         N/A       67%         3
 Vhi's Electric Charge    Tloc/Air       0%         N/A       67%         3
 Anguish                  Hex/Necr       0%         N/A       97%         4
 Ice Form                 Ice/Tmut       0%         N/A       97%         4
 Olgreb's Toxic Radiance  Pois           0%         N/A       97%         4
 Alistair's Intoxication  Tmut/Pois      0%         N/A       100%        5
 Arcjolt                  Conj/Air       0%         1d10      100%        5
 Freezing Cloud           Conj/Ice/Air   0%         6-21      100%        5
 Lightning Bolt           Conj/Air       0%         1d11      100%        5
 Dispersal                Tloc           0%         N/A       100%        6
 Simulacrum               Ice/Necr       0%         N/A       100%        6
 Enfeeble                 Hex            0%         N/A       100%        7
 Ozocubu's Refrigeration  Ice            0%         4d7       100%        7


Dungeon Overview and Level Annotations

Branches:
Dungeon (12/15)            Temple (1/1) D:4            Lair (0/5) D:9
    Orc (0/2) D:11         Bailey (visited)           IceCv (visited)
Gauntlet (1/1)

Altars:
Ashenzari
Cheibriados
Dithmenos
Elyvilon
Fedhas
Gozag
Hepliaklqana
Kikubaaqudgha
Makhleb
Nemelex Xobeh
Okawaru
Qazlal
Ru
Sif Muna
Trog
Uskayaw
Vehumet
Wu Jian
Xom
Yredelemnul
Zin
The Shining One

Shops:
D:8 =

Annotations:
D:10 2 transporters, TheSexyCheese's ghost, novice GrFi
D:11 3 runed translucent doors, jasper's ghost, journeyman DsWn Gauntlet 8 transporters


Innate Abilities, Weirdness & Mutations

Your life essence is reduced to manifest your ancestor. (-10% HP)
You are small and have problems with some larger weapons.
You are completely attuned to the shadows.


Message History

The spectral seven-headed hydra attacks as you move away!
The spectral seven-headed hydra barely misses you.
The spectral seven-headed hydra closely misses you.
The spectral seven-headed hydra bites you.
* * * LOW HITPOINT WARNING * * *
The spectral seven-headed hydra bites you but does no damage.
The spectral seven-headed hydra bites you.
* * * LOW HITPOINT WARNING * * *
The spectral seven-headed hydra completely misses you.
The spectral seven-headed hydra barely misses you.
The death scarab bites you but does no damage.
Unknown command.
Press: ? - help, v - describe, . - travel, g - get item Item here: a blackened cloak.
The floor.
Unknown command.
Okay, then.
Okay, then.
Unknown command.
You feel better.
The spectral seven-headed hydra bites you but does no damage.
The spectral seven-headed hydra closely misses you.
The spectral seven-headed hydra bites you but does no damage.
The spectral seven-headed hydra completely misses you.
The spectral seven-headed hydra closely misses you.
The spectral seven-headed hydra misses you.
The spectral seven-headed hydra barely misses you.
The spectral seven-headed hydra closely misses you.
The spectral seven-headed hydra completely misses you. x2
The spectral seven-headed hydra barely misses you.
The spectral seven-headed hydra completely misses you.
The spectral seven-headed hydra bites you!
* * * LOW HITPOINT WARNING * * *
You feel drained.
The spectral seven-headed hydra barely misses you.
The spectral seven-headed hydra attacks as you move away!
The spectral seven-headed hydra completely misses you. x2
The spectral seven-headed hydra closely misses you.
The spectral seven-headed hydra bites you.
You die...

##≈...#YY.#...#.#..##..##
#≈≈.P.#########.#..#.##3#
##≈.♣.........#©#©#.©#.##
##.P.#########.#.#.#.#.#
##≈...#.....###.#.##..#.#
#≈≈.P.#?##.####.##..##.##
##≈.♣.#)##.†..#.#########
##...#©#ZZ.#.#©#........
##≈...#[@..##.###.♣P♣.♣..
#≈≈...####B##.#...PPPP..≈
##≈.♣.###.....#.♣.P....##
##.P.#########..P.P..≈#
#≈..................≈≈#
#≈≈≈#≈≈≈#≈≈≈#≈≈≈#≈≈≈####
##≈###≈###≈###≈###≈## ##
### ### ### ###


You could see a spectral seven-headed hydra, a spectral torpor snail and a death
scarab (slow).

Vanquished Creatures
  A boulder beetle (D:8)
  A death scarab (Gauntlet)
  An ugly thing (IceCv)
  2 cyclopes
  A rust devil (D:6)
  An ice statue (IceCv)
  A gargoyle (D:10)
  A kobold demonologist (D:9)
  A komodo dragon (D:12)
  A freezing wraith (IceCv)
  A troll (D:10)
  2 hornets
  4 centaur simulacra (Gauntlet)
  A shadow (D:10)
  9 yaks
  A wraith (D:11)
  A basilisk (D:11)
  A neqoxec (Gauntlet)
  3 vampire mosquitoes (D:10)
  A chaos spawn (Gauntlet)
  Eustachio (D:4)
  A death yak simulacrum (IceCv)
  2 steam dragons
  Menkaure (D:4)
  2 wargs (D:9)
  Duvessa (D:6)
  2 water moccasins (D:5)
  2 ice beasts
  16 orc warriors
  A sky beast (D:7)
  A black bear (D:8)
  3 centaurs
  2 ogres
  2 phantoms (D:5)
  4 bullfrogs
  2 scorpions (D:5)
  A necrophage (D:6)
  A cane toad simulacrum (Gauntlet)
  Dowan (D:6)
  A wight (D:8)
  14 killer bees
  2 howler monkeys
  A lava snake (D:8)
  7 orc priests
  4 hounds
  A gnoll bouda (D:8)
  5 iguanas
  Terence (D:3)
  9 orc wizards
  A polar bear simulacrum (IceCv)
  A wolf simulacrum (IceCv)
  Robin (D:3)
  9 gnolls
  13 adders
  10 white imps
  An ufetubus (D:6)
  A worm (D:2)
  3 dart slugs
  49 orcs
  8 ball pythons
  2 endoplasms (D:4)
  3 giant cockroaches
  17 hobgoblins
  2 quokkas
  4 bats
  4 frilled lizards
  21 goblins
  7 kobolds
  16 rats
299 creatures vanquished.

Vanquished Creatures (collateral kills)
  A two-headed ogre (D:10)
  A rust devil (D:6)
  An ice statue (IceCv)
  Maggie (D:6)
  4 yaks
  A chaos spawn (Gauntlet)
  A warg (D:9)
  3 orc warriors
  A sky beast (D:7)
  A black bear (D:7)
  A phantom (D:7)
  A necrophage (D:7)
  A gnoll sergeant (D:8)
  2 scorpions
  A killer bee (D:9)
  A jelly (D:7)
  6 orc wizards
  4 gnolls
  3 white imps (D:11)
  13 orcs
  3 goblins
  A hobgoblin (Bailey)
52 creatures vanquished.

Vanquished Creatures (others)
  6 hexers
  5 plants (Gauntlet)
  4 withered plants (Gauntlet)
15 creatures vanquished.

Grand Total: 366 creatures vanquished

Notes
Turn   | Place    | Note
-------+----------+-------------------------------------------
     0 | D:1      | cforsyth the Kobold Brigand began the quest for the Orb.
     0 | D:1      | Reached XP level 1. HP: 12/12 MP: 1/1
    86 | D:1      | Reached XP level 2. HP: 6/18 MP: 2/2
   369 | D:1      | Found a faded altar of an unknown god.
   694 | D:1      | Reached XP level 3. HP: 22/22 MP: 3/3
  1120 | D:2      | Reached XP level 4. HP: 27/27 MP: 4/4
  1521 | D:2      | Reached skill level 6 in Stealth
  1731 | D:2      | Reached XP level 5. HP: 32/32 MP: 5/5
  2094 | D:3      | Noticed Terence
  2099 | D:3      | Killed Terence
  2160 | D:3      | Found an opulent altar of Gozag.
  2484 | D:4      | Reached XP level 6. HP: 31/38 MP: 6/6
  2513 | D:4      | Found a shadowy altar of Dithmenos.
  2648 | D:4      | Identified the +1 helmet of Generosity {Regen+ Dex+2}
  2662 | D:4      | Noticed an ogre
  2678 | D:4      | Killed an ogre
  2891 | D:4      | Reached skill level 5 in Short Blades
  2891 | D:4      | Reached skill level 7 in Stealth
  2952 | D:4      | Identified the +1 trident "Hugow" {venom, Str-4 Dex+5}
  2976 | D:4      | Found a staircase to the Ecumenical Temple.
  2998 | D:4      | Noticed Menkaure
  3002 | D:4      | Killed Menkaure
  3003 | D:4      | Reached XP level 7. HP: 44/44 MP: 7/7
  3266 | D:4      | Noticed Eustachio
  3316 | Temple   | Entered the Ecumenical Temple
  3374 | Temple   | Became a worshipper of Hepliaklqana the Forgotten
  3565 | D:4      | Noticed Robin
  3796 | D:3      | Killed Robin
  3954 | D:4      | Killed Eustachio
  4188 | D:5      | Entered Level 5 of the Dungeon
  4493 | D:5      | Reached skill level 5 in Dodging
  4493 | D:5      | Reached XP level 8. HP: 48/48 MP: 8/8
  4532 | D:5      | Reached skill level 5 in Fighting
  4532 | D:5      | Reached skill level 8 in Stealth
  5009 | D:5      | Reached * piety under Hepliaklqana
  5263 | D:6      | Reached skill level 9 in Stealth
  5278 | D:6      | Noticed Maggie
  5285 | D:6      | Killed Maggie
  5286 | D:6      | Reached XP level 9. HP: 43/50 MP: 9/9
  5366 | D:6      | Noticed Duvessa
  5369 | D:6      | Noticed Dowan
  5378 | D:6      | Killed Duvessa
  5384 | D:6      | Killed Dowan
  5703 | D:6      | Reached skill level 10 in Stealth
  5710 | D:6      | Reached ** piety under Hepliaklqana
  5711 | D:6      | Remembered your ancestor Tenoch as a hexer
  6503 | D:5      | Noticed a rust devil
  6503 | D:5      | Noticed a rust devil
  6858 | D:6      | Killed a rust devil
  6936 | D:6      | Killed a rust devil
  6937 | D:6      | Reached XP level 10. HP: 56/56 MP: 10/10
  7109 | D:5      | Identified the +0 war axe "Sytwats" {flame, rElec}
  7235 | D:7      | Reached skill level 11 in Stealth
  7242 | D:7      | Found an ancient bone altar of Kikubaaqudgha.
  7311 | D:7      | Found a snail-covered altar of Cheibriados.
  7320 | D:7      | Found a burning altar of Makhleb.
  7320 | D:7      | Found an ornate altar of the Wu Jian Council.
  7446 | D:7      | Found a glowing golden altar of the Shining One.
  7908 | D:8      | Reached skill level 10 in Short Blades
  8027 | D:8      | Reached skill level 12 in Stealth
  8138 | D:8      | Reached *** piety under Hepliaklqana
  8170 | D:8      | Noticed a boulder beetle
  8183 | D:8      | Killed a boulder beetle
  8184 | D:8      | Reached XP level 11. HP: 50/62 MP: 11/11
  8272 | D:8      | Found Gegg's Jewellery Emporium.
  8696 | D:9      | Found a staircase to the Lair.
  8720 | D:9      | HP: 1/63 [orc priest/divine providence (12)]
  8838 | D:9      | Reached skill level 10 in Dodging
  9069 | D:9      | Reached skill level 13 in Stealth
  9303 | D:9      | Reached **** piety under Hepliaklqana
  9854 | D:10     | Entered Level 10 of the Dungeon
  9864 | D:10     | Identified a scroll of acquirement
  9959 | D:10     | Found a radiant altar of Vehumet.
  9985 | D:10     | Noticed a two-headed ogre
  9993 | D:10     | Killed a two-headed ogre
  9994 | D:10     | Reached skill level 10 in Fighting
 10030 | D:10     | Found a white marble altar of Elyvilon.
 10167 | D:10     | Found a flagged portal.
 10173 | Bailey   | Entered a bailey
 10174 | Bailey   | Acquired 814 gold pieces
 10265 | Bailey   | Reached XP level 12. HP: 44/69 MP: 12/12
 10498 | Bailey   | Noticed an orc warlord
 10505 | Bailey   | Reached skill level 14 in Stealth
 10863 | D:10     | Found a glowing silver altar of Zin.
 10920 | D:10     | Found a transporter.
 10923 | D:10     | Noticed a fire dragon
 10923 | D:10     | Noticed TheSexyCheese's ghost (novice GrFi)
 10950 | D:10     | Found a transporter.
 10964 | D:10     | Reached ***** piety under Hepliaklqana
 11322 | D:11     | Found a runed translucent gate.
 11322 | D:11     | Found a runed translucent gate.
 11323 | D:11     | Found a runed translucent gate.
 11329 | D:11     | Noticed jasper's ghost (journeyman DsWn)
 11361 | D:11     | Found a frozen archway.
 11392 | IceCv    | Entered an ice cave
 11432 | IceCv    | Found a transporter.
 11459 | IceCv    | Found a transporter.
 12072 | D:11     | Found a staircase to the Orcish Mines.
 12273 | D:11     | Identified the +2 dagger "Worm's Wrath" {flame, rElec rF-
                  | Will+}
 12571 | D:12     | Acquired 1127 gold pieces
 12635 | D:12     | Found a gate leading to a gauntlet.
 12642 | Gauntlet | Entered a Gauntlet
 12642 | Gauntlet | Found a transporter.
 12657 | Gauntlet | Found a transporter.
 12670 | Gauntlet | Found a transporter.
 12687 | Gauntlet | Found a transporter.
 12687 | Gauntlet | Noticed a balrug
 12697 | Gauntlet | Found a transporter.
 12705 | Gauntlet | Noticed a dire elephant
 12716 | Gauntlet | Found a transporter.
 12726 | Gauntlet | Found a transporter.
 12738 | Gauntlet | Found a transporter.
 12752 | Gauntlet | Found a transporter.
 12759 | Gauntlet | Noticed a death scarab
 12759 | Gauntlet | Noticed a death scarab
 12769 | Gauntlet | Found a transporter.
 12777 | Gauntlet | Found a transporter.
 12807 | Gauntlet | Found a transporter.
 13524 | Gauntlet | Found a transporter.
 13552 | Gauntlet | Killed a death scarab
 13553 | Gauntlet | Reached skill level 15 in Stealth
 13559 | Gauntlet | HP: 2/68 [death scarab (17)]
 13566 | Gauntlet | Slain by a spectral seven-headed hydra

Illustrated notes

Levels and vault maps discovered:
D:1:      matt_arrival_spirals, layout_rooms,
          hellmonk_ecumenical_altar_prayer_group
D:2:      layout_loops_ring, minmay_rat_gold_closets
D:3:      layout_rooms, mainiacjoe_overflow_catwalk, uniq_terence
D:4:      layout_cave_pods, nicolae_dithmenos_shadow_blocks,
          minmay_temple_entry_mini_moons, uniq_robin, uniq_menkaure,
          uniq_eustachio
D:5:      cheibrodos_iron_armory, layout_rooms
D:6:      layout_layer_cave, uniq_maggie, uniq_duvessa
D:7:      layout_basic, grunt_temple_overflow_open, tso_metal_star
D:8:      layout_rooms, kennysheep_nondescript, kennysheep_diamond
D:9:      layout_small_grid, erik_lair_orcish_takeover,
          chequers_serial_rivers_small_a, nrook_uturn,
          chequers_serial_rivers_small_b, amcnicky_mini_rare_corridor_liquid
D:10:     layout_big_octagon, zin_statuary, mainiacjoe_overflow_cross_hatched,
          mainiacjoe_overflow_brackets, enter_bailey_5,
          gammafunk_ghost_berserking_beasts
D:11:     layout_rooms, david_orc_5, gammafunk_ghost_ooze,
          portal_ice_cave_entry_imps
D:12:     layout_basic, gauntlet_entry_generic, minmay_librarian
Temple:   hellmonk_temple_forest_ring
Gauntlet: minmay_gauntlet_77_tree [minmay_gauntlet_arena_77_box,
          minmay_gauntlet_arena_77_mess, minmay_gauntlet_arena_77_mirror,
          minmay_gauntlet_arena_77_p_blocks, minmay_gauntlet_arena_77_two_paths,
          minmay_gauntlet_arena_77_museum, minmay_gauntlet_arena_77_braids,
          gauntlet_exit_green]

Skill      XL: |  1  2  3  4  5  6  7  8  9 10 11 12 |
---------------+-------------------------------------+-----
Short Blades   | 3 4 5 6 7 9 10 12 13 | 13.4
Dodging        | 2 3 4 5 6 7 9 11 12 | 12.1
Fighting       | 3 4 6 7 8 10 11 | 11.2
Stealth        | 6 7 9 10 12 13 15 | 15.0
Throwing       | |  2.1

Action                     |  1- 3 |  4- 6 |  7- 9 | 10-12 || total
---------------------------+-------+-------+-------+-------++-------
  Melee: Dagger            |    58 |   110 |    75 |       ||   243
         Punch             |     1 |     3 |     5 |    16 ||    25
         Short sword       |       |       |   173 |   784 ||   957
 Invoke: Recall Ancestor   |       |       |     1 |     3 ||     4
         Ancestor Life: He |       |       |     1 |       ||     1
    Use: Potion            |       |     3 |     1 |     6 ||    10
         Scroll            |       |       |     3 |    23 ||    26
   Stab: Sleeping          |    19 |    20 |    18 |    18 ||    75
         Confused          |       |       |     1 |    24 ||    25
         Distracted        |       |       |     1 |    11 ||    12
 Armour: Robe              |     4 |     5 |    14 |       ||    23
         Skin              |       |     1 |       |       ||     1
         Steam dragon scal |       |       |     6 |    95 ||   101
  Dodge: Dodged            |    26 |    58 |   106 |   606 ||   796
  Block: Other             |     2 |    14 |    24 |       ||    40

Table legend: (Time is in decaauts)
 A = Elapsed time spent in this place.
 B = Non-inter-level travel time spent in this place.
 C = Inter-level travel time spent in this place.
 D = Time resting spent in this place.
 E = Time spent auto-exploring this place.
 F = Levels seen in this place.
 G = Mean time per level.
                   A        B        C        D        E       F      G
               +--------+--------+--------+--------+--------+-----+--------+
         Total |  13057 |  12760 |    297 |   1923 |   8132 |  16 |  816.1 |
       Dungeon |  11020 |  10742 |    278 |   1205 |   7452 |  12 |  918.3 |
        Temple |    180 |    162 |     18 |      0 |    142 |   1 |  180.0 |
        Bailey |    472 |    472 |      0 |     82 |    163 |   1 |  472.0 |
      Ice Cave |    486 |    486 |      0 |    339 |     26 |   1 |  486.0 |
      Gauntlet |    896 |    896 |      0 |    297 |    349 |   1 |  896.0 |
               +--------+--------+--------+--------+--------+-----+--------+

Top non-repeatable levels by time:
     D:6: 1928 daAuts
     D:4: 1366 daAuts
     D:9: 1206 daAuts
     D:1: 1021 daAuts
     D:5: 969 daAuts
Gauntlet: 896 daAuts
    D:10: 857 daAuts
     D:2: 853 daAuts
     D:3: 713 daAuts
     D:7: 709 daAuts
    D:11: 689 daAuts
     D:8: 634 daAuts
   IceCv: 486 daAuts
  Bailey: 472 daAuts
  Temple: 180 daAuts
